 Dungeon Crawl Stone Soup version 0.30.1-11-g7821555f0a (webtiles) character file.

Game seed: 16748265454573714181

162 HakonGodeson the Covered (level 5, -1/40 HPs)
             Began as a Djinni Fighter on Dec 8, 2023.
             Slain by a goblin
             ... wielding a +0 dagger
             ... led by Robin
              (2 damage)
             ... on level 4 of the Dungeon.
             The game lasted 00:04:40 (1774 turns).

HakonGodeson the Covered (Djinni Fighter)           Turns: 1774, Time: 00:04:42

Health: -1/40      AC:  5    Str: 15    XL:     5   Next: 71%
Gold:   103        EV: 10    Int: 12    God:
                   SH:  4    Dex: 12

rFire   + + .        a - +0 long sword
rCold   x . .        c - +0 buckler
rNeg    . . .        i - +0 ring mail
rPois   ∞            (no helmet)
rElec   .            (no cloak)
rCorr   .            (no gloves)
SInv    .            (boots unavailable)
Will    .....        (no amulet)
Stlth   +            (no ring)
HPRegen 0.26/turn    (no ring)
MPRegen 0.00/turn

%: infuse magic (-2 HP)
@: mighty, flying, hasted, very quick
A: sickness immunity, fire resistance 2, cold vulnerability 1, float, innate
caster, HP casting, extra vitality 1
a: no special abilities


You were on level 4 of the Dungeon.
You visited 1 branch of the dungeon, and saw 4 of its levels.

You collected 103 gold pieces.

Inventory:

Hand Weapons
 a - a +0 long sword (weapon)
Armour
 c - a +0 buckler (worn)
 i - a +0 ring mail (worn)
Scrolls
 e - a scroll of immolation
 j - 2 scrolls of magic mapping
Potions
 f - 2 potions of cancellation
 h - a potion of haste


   Skills:
 * Level 3.5 Fighting
 * Level 2.8 Long Blades
 * Level 3.6 Armour
 * Level 1.2 Dodging
 * Level 1.4 Stealth
 * Level 3.4 Shields
 * Level 0.8 Spellcasting


You knew the following spells:

 Your Spells              Type           Power      Damage    Failure   Level
a - Kiss of Death         Conj/Necr      8%         2d6       50%         1
b - Searing Ray           Conj           4%         2d4       63%         2
Your spell library was empty.

Dungeon Overview and Level Annotations

Branches:
Dungeon (4/15)
 Temple: D:4-7

Altars:

Annotations:
D:4 Robin


Innate Abilities, Weirdness & Mutations

You are immune to sickness and miasma.
You are immune to poison.
Your flesh is very heat resistant. (rF++)
You are vulnerable to cold. (rC-)
You float through the air rather than walking.
You learn spells naturally, not from books.
Your magical power is your life essence.
You have superior vitality. (+4 MHP)


Message History

You block the goblin's attack. The goblin hits you with a +0 dagger.
The goblin hits you but does no damage. The goblin hits you with a +0 club.
You block the goblin's attack. The goblin closely misses you.
The goblin hits you with a +0 club. The goblin closely misses you.
You slash the goblin!
You kill the goblin!
The goblin closely misses you. x2; The goblin hits you with a +0 club.
You hit the goblin but do no damage. The goblin hits you but does no damage.
You block the goblin's attack. x2; The goblin hits you but does no damage.
The goblin barely misses you.
You barely miss the goblin. The goblin barely misses you.
The goblin hits you with a +0 dagger. The goblin barely misses you.
The goblin misses you. You block the goblin's attack.
The goblin hits you with a +0 dagger.
* * * LOW HITPOINT WARNING * * *
The goblin closely misses you. x2; The goblin hits you but does no damage.
The goblin completely misses you.
It was a potion of haste.
You feel yourself speed up.
Robin flexes a bicep menacingly.
The goblin hits you with a +0 club.
* * * LOW HITPOINT WARNING * * *
The goblin hits you but does no damage. The goblin closely misses you.
The goblin barely misses you. x2
Unknown command.
It was a potion of magic.
Magic washes over you without effect.
You feel very mighty all of a sudden.
The goblin no longer looks unusually strong.
The goblin closely misses you. The goblin hits you with a +0 club.
* * * LOW HITPOINT WARNING * * *
The goblin barely misses you. The goblin hits you with a +0 dagger.
* * * LOW HITPOINT WARNING * * *
The goblin hits you but does no damage.
You slash the goblin!
You kill the goblin!
The goblin no longer looks unusually strong.
Robin roars a battlecry!
The goblins go into a battle-frenzy!
The goblin barely misses you.
The goblin hits you but does no damage. x2
The goblin hits you with a +0 dagger.
You die...

#........###.#.#.####
....#.......#......# #
..:.##.......##....#.#
##..##..####.##....#.#
.........##.##.[....#
#.##....##.###...#####
##.#.##...gg...#.# #...# #..
>.g......gggg....###...###..
.g...###..#@#...............
..(. #.gg)#...............
... #.##.#............... ..
#.##.##.#####...###.. #
#.......# #...# #..
####.#### ......#### #.#
#.#....# #.# #.#....# #
......


You could see Robin and 7 goblins.

Vanquished Creatures
  A phantom (D:4)
  A hound (D:4)
  2 adders (D:3)
  2 dart slugs
  3 endoplasms
  7 goblins
  5 hobgoblins
  2 jackals (D:2)
  A quokka (D:1)
  3 ball pythons
  A bat (D:3)
  A frilled lizard (D:1)
  3 kobolds
  2 rats
34 creatures vanquished.

Notes
Turn   | Place    | Note
-------+----------+-------------------------------------------
     0 | D:1      | HakonGodeson the Djinni Fighter began the quest for the
                  | Orb.
     0 | D:1      | Reached XP level 1. HP: 20/20 MP: 0/0
   149 | D:1      | Reached XP level 2. HP: 25/25 MP: 0/0
  1006 | D:2      | Reached XP level 3. HP: 29/30 MP: 0/0
  1006 | D:2      | Learned a level 1 spell: Kiss of Death
  1463 | D:3      | Reached skill level 1 in Stealth
  1539 | D:3      | Reached XP level 4. HP: 35/35 MP: 0/0
  1675 | D:4      | Noticed a phantom
  1688 | D:4      | Killed a phantom
  1689 | D:4      | Reached skill level 1 in Dodging
  1689 | D:4      | Reached XP level 5. HP: 24/40 MP: 0/0
  1689 | D:4      | Learned a level 2 spell: Searing Ray
  1757 | D:4      | Noticed Robin
  1773 | D:4      | HP: 1/40 [goblin/+0 dagger[Robin] (4)]
  1774 | D:4      | Slain by a goblin

Illustrated notes

Levels and vault maps discovered:
D:1:      elethiomel_arrival_quiet, layout_loops_ring
D:2:      layout_loops_cross, minivault_11, columned_hall_lemuel,
          minmay_misc_feat_rugged, hangedman_decor_peaks_small
D:3:      layout_loops_cross, nicolae_vehumet_altar_sigil
D:4:      layout_loops_cross, temple_hall, uniq_robin

Skill      XL: |  1  2  3  4 |
---------------+-------------+-----
Long Blades    | 2 |  2.8
Stealth        | 1 |  1.4
Dodging        | 1 |  1.2
Fighting       | |  3.5
Armour         | |  3.6
Shields        | |  3.4
Spellcasting   | |  0.8

Action                     |  1- 3 |  4- 6 || total
---------------------------+-------+-------++-------
  Melee: Long sword        |   105 |    26 ||   131
    Use: Scroll            |     5 |     1 ||     6
         Potion            |     2 |     4 ||     6
 Armour: Scale mail        |    14 |       ||    14
         Ring mail         |    31 |    14 ||    45
  Dodge: Dodged            |    65 |    26 ||    91
  Block: Buckler           |    23 |    13 ||    36
